 Dungeon Crawl Stone Soup version 0.24-a0-29-g43a6aff (webtiles) character file.

Game seed: 11343195659066172598

13493 xccam the Transmogrifier (level 11, 0/82 HPs)
             Began as a Yellow Draconian Transmuter on Feb 2, 2019.
             Was a High Priest of Okawaru.
             Slain by a manticore (19 damage)
             ... on level 12 of the Dungeon.
             The game lasted 00:35:38 (13939 turns).

xccam the Transmogrifier (DrTm)                    Turns: 13939, Time: 00:35:39

Health: 0/82       AC:  9    Str: 13    XL:     11   Next: 76%
Magic:  20/20      EV: 19    Int: 16    God:    Okawaru [*****.]
Gold:   903        SH:  0    Dex: 12    Spells: 14/22 levels left

rFire    + . .     SeeInvis .     - Unarmed
rCold    + . .     Gourm    +   (no shield)
rNeg     . . .     Faith    .   (armour unavailable)
rPois    +         Spirit   .   (helmet restricted)
rElec    +         Reflect  .   D - scarf {rC+ rF+}
rCorr    .         Harm     .   (no gloves)
MR       .....                  P - +1 pair of boots {Stlth+}
Stlth    ++........             h - amulet of the gourmand
HPRegen  0.23/turn              b - +3 ring of evasion
MPRegen  0.17/turn              N - ring of wizardry

@: barbed spikes
A: spit acid, unfitting armour, poison resistance, electricity resistance,
cold-blooded, MP-powered wands, AC +7
a: Breathe Acid, Heroism, Finesse, Renounce Religion


You were on level 12 of the Dungeon.
You worshipped Okawaru.
Okawaru was extremely pleased with you.
You were full.

You visited 2 branches of the dungeon, and saw 13 of its levels.

You collected 903 gold pieces.

Inventory:

Missiles
 a - 274 arrows
Armour
 r - a scarf of spirit shield
 v - a +2 cloak
 D - a scarf of resistance (worn)
 P - a +1 pair of boots of stealth (worn)
Jewellery
 b - a +3 ring of evasion (left hand)
 h - an amulet of the gourmand (around neck)
 s - a +5 ring of strength
 t - an uncursed ring of fire
 y - an uncursed ring of positive energy
 H - a +1 ring of slaying
 J - an uncursed ring of poison resistance
 K - an uncursed ring of resist corrosion
 N - a ring of wizardry (right hand)
Wands
 w - a wand of acid (3)
 A - a wand of scattershot (5)
 C - a wand of enslavement (13)
 M - a wand of digging (5)
 O - a wand of clouds (5)
Scrolls
 f - 9 scrolls of remove curse
 i - 10 scrolls of teleportation
 j - 4 scrolls of amnesia
 o - 2 scrolls of enchant weapon {unknown}
 q - a scroll of magic mapping
 u - 2 scrolls of fog
 x - a scroll of enchant armour {unknown}
 z - 4 scrolls of random uselessness {unknown}
 I - a scroll of identify
 L - a scroll of blinking {unknown}
 R - a scroll of brand weapon {unknown}
Potions
 d - 2 potions of flight
 e - a potion of invisibility
 g - 3 potions of might
 k - a potion of ambrosia
 l - 6 potions of curing
 m - a potion of mutation
 n - 4 potions of magic
 p - 2 potions of agility
 B - a potion of cancellation
 E - a potion of degeneration {unknown}
 F - 2 potions of heal wounds
 G - a potion of resistance {unknown}
 Q - a potion of haste {unknown}
 S - a potion of lignification {unknown}
Comestibles
 c - 20 rations


   Skills:
 + Level 3.4 Fighting
 + Level 7.3 Dodging
 + Level 10.3 Unarmed Combat
 - Level 6.0 Spellcasting
 - Level 11.0 Transmutations
 + Level 7.2 Invocations


You had 14 spell levels left.
You knew the following spells:

 Your Spells              Type           Power        Failure   Level  Hunger
a - Beastly Appendage     Tmut           #####.       1%          1    None
b - Sticks to Snakes      Tmut           #####...     1%          2    #......
c - Blade Hands           Tmut           #####.....   1%          5    ######.

Your spell library contained the following spells:

 Spells                   Type           Power        Failure   Level  Hunger
 Spider Form              Tmut/Pois      ###.......   1%          3    ##.....
 Confusing Touch          Hex            #.....       6%          1    None
 Ice Form                 Ice/Tmut       ###.....     6%          4    ####...
 Petrify                  Tmut/Erth      ###.....     6%          4    ####...
 Confuse                  Hex            #.......     16%         3    ##.....
 Gell's Gravitas          Tloc           #.........   16%         3    ##.....
 Yara's Violent Unravell  Hex/Tmut       ###.......   16%         5    ######.
 Metabolic Englaciation   Hex/Ice        #.........   80%         5    ######.


Dungeon Overview and Level Annotations

Branches:
Dungeon (12/15)            Temple (1/1) D:5            Lair (0/6) D:11
    Orc (0/2) D:12

Altars:
Ashenzari
Dithmenos
Nemelex Xobeh
Okawaru

Shops:
D:6 =

Portals:
Trove: D:10 (give 19 scrolls of identify)
Bailey: D:12


Innate Abilities, Weirdness & Mutations

You can spit globs of acid.
Your golden yellow scales are hard. (AC +7)
You cannot fit into any form of body armour.
You are cold-blooded and may be slowed by cold attacks.
Your system is resistant to poisons. (rPois)
You are resistant to electric shocks. (rElec)
You expend magic power (3 MP) to strengthen your wands.


Message History

The manticore is lightly wounded.
You punch the manticore!
The manticore is moderately wounded.
The manticore bites you but does no damage.
The manticore misses you. The manticore closely misses you.
You closely miss the manticore.
The manticore is moderately wounded.
The manticore bites you but does no damage.
The manticore misses you.
The manticore claws you but does no damage.
You punch the manticore!
The manticore is heavily wounded.
The manticore closely misses you.
The manticore claws you but does no damage.
The manticore claws you.
* * * LOW HITPOINT WARNING * * *
You hit the manticore.
The manticore is heavily wounded.
The manticore bites you!!
You die...

*,*,****************,,,****,,..
*,*,* ###### ***** ***#* *,*,*
#....# *,*,* #....#
*,*,******#....##########
*>,,,,,,,,+.............#
*,*,**,#.##......##.....#
*,*,,,,.....(....##...†.#
*,****,..)...#@..##.....#
*,,,,,,.)∩)..H...##...(.#
*******..).......###..###
*,.......#### #....# *,.......*
#....# *,......)* #....#
**#######* #....# #....#
####.##


You could see a manticore.

Vanquished Creatures
  2 hydras
  A two-headed ogre (D:8)
  An orc knight (D:10)
  Joseph (D:10)
  A gargoyle (D:10)
  2 trolls
  The ghost of Wired the Shield-Bearer, an amateur MiFi of Okawaru (D:4)
  Grinder (D:3)
  A slime creature (D:12)
  7 yaks
  A basilisk (D:8)
  A hungry ghost (D:8)
  3 hogs (D:7)
  A human (D:7)
  A steam dragon (D:9)
  2 insubstantial wisps (D:9)
  A warg (D:10)
  2 soldier ants
  3 water moccasins
  A black bear (D:11)
  2 porcupines (D:11)
  8 sky beasts
  4 orc warriors
  4 ice beasts
  3 phantoms
  4 ogres
  14 centaurs
  4 big kobolds
  Blork the orc (D:4)
  8 bullfrogs
  A wyvern skeleton (D:7)
  2 scorpions
  3 killer bees (D:10)
  4 wights (D:7)
  A howler monkey (D:6)
  6 jellies
  2 centaur zombies (D:7)
  8 crimson imps
  5 hounds
  A gnoll shaman (D:7)
  6 orc priests
  Crazy Yiuf (D:4)
  A bullfrog skeleton (D:10)
  2 bullfrog zombies
  2 centaur skeletons
  9 orc wizards
  An iguana (D:8)
  Jessica (D:2)
  5 worker ants
  A killer bee zombie (D:10)
  2 hound zombies
  A hound skeleton (D:9)
  A mummy (D:5)
  A worker ant zombie (D:9)
  3 gnolls (D:7)
  11 adders
  A howler monkey skeleton (D:7)
  2 shadow imps
  4 oozes
  An adder zombie (D:8)
  6 worms
  3 dart slugs
  8 leopard geckos
  23 orcs
  A ball python (D:1)
  15 giant cockroaches
  9 goblins
  12 hobgoblins
  18 jackals
  8 quokkas
  8 bats
  10 frilled lizards
  2 jackal skeletons
  19 kobolds
  3 kobold zombies (D:5)
  An orc zombie (D:5)
  A quokka skeleton (D:4)
  14 rats
  A fungus (D:4)
  A plant (D:11)
338 creatures vanquished.

Vanquished Creatures (collateral kills)
  An adder (D:4)
  A kobold (D:3)
2 creatures vanquished.

Vanquished Creatures (others)
  2 fungi (D:11)
  2 plants (D:11)
4 creatures vanquished.

Grand Total: 344 creatures vanquished

Notes
Turn   | Place    | Note
-------+----------+-------------------------------------------
     0 | D:1      | xccam the Draconian Transmuter began the quest for the Orb.
     0 | D:1      | Reached XP level 1. HP: 16/16 MP: 3/3
   502 | D:1      | Reached XP level 2. HP: 23/23 MP: 5/5
   673 | D:1      | Reached XP level 3. HP: 22/28 MP: 6/6
   680 | D:1      | Learned a level 2 spell: Sticks to Snakes
  1197 | D:2      | Noticed Jessica
  1207 | D:2      | Killed Jessica
  1207 | D:2      | Reached skill level 5 in Unarmed Combat
  1207 | D:2      | Reached XP level 4. HP: 13/35 MP: 5/7
  1558 | D:3      | Noticed Grinder
  1561 | D:3      | Gained mutation: You expend magic power (3 MP) to
                  | strengthen your wands. [potion of mutation]
  1561 | D:3      | Gained mutation: Your system is resistant to poisons.
                  | (rPois) [potion of mutation]
  1561 | D:3      | Gained mutation: You are resistant to electric shocks.
                  | (rElec) [potion of mutation]
  1567 | D:3      | Killed Grinder
  1567 | D:3      | Reached XP level 5. HP: 12/40 MP: 2/8
  1567 | D:3      | Reached XP level 6. HP: 14/47 MP: 2/9
  2881 | D:4      | Reached skill level 3 in Transmutations
  3071 | D:4      | Found a runed translucent door.
  3186 | D:4      | Your scales start taking on a golden yellow colour.
  3186 | D:4      | Reached XP level 7. HP: 6/52 MP: 11/11
  3571 | D:4      | Reached skill level 4 in Transmutations
  3577 | D:4      | Found a sparkling altar of Nemelex Xobeh.
  3847 | D:4      | Noticed Blork the orc
  3858 | D:4      | Noticed Wired's ghost (amateur MiFi)
  3862 | D:4      | Killed Blork the orc
  4115 | D:4      | Killed Wired's ghost
  4115 | D:4      | Reached skill level 5 in Transmutations
  4115 | D:4      | Reached XP level 8. HP: 52/59 MP: 9/15
  4312 | D:4      | Found a runed translucent door.
  4313 | D:4      | Noticed Crazy Yiuf
  4329 | D:4      | Killed Crazy Yiuf
  4530 | D:5      | Entered Level 5 of the Dungeon
  4546 | D:5      | Reached skill level 5 in Spellcasting
  4860 | D:5      | Reached skill level 6 in Transmutations
  4868 | D:5      | Learned a level 5 spell: Blade Hands
  5287 | D:5      | Found a faded altar of an unknown god.
  5289 | D:5      | Found a staircase to the Ecumenical Temple.
  5310 | Temple   | Entered the Ecumenical Temple
  5328 | Temple   | Became a worshipper of Warmaster Okawaru
  5479 | D:6      | Reached skill level 7 in Transmutations
  5568 | D:6      | Reached skill level 8 in Transmutations
  6070 | D:6      | Reached skill level 1 in Invocations
  6152 | D:6      | Reached XP level 9. HP: 64/64 MP: 16/16
  6328 | D:6      | Reached * piety under Okawaru
  6335 | D:6      | Found Nuetyupp's Jewellery Emporium.
  6822 | D:7      | Reached ** piety under Okawaru
  6977 | D:7      | Found a shattered altar of Ashenzari.
  7050 | D:7      | Reached skill level 9 in Transmutations
  7699 | D:7      | Reached XP level 10. HP: 26/71 MP: 17/17
  8432 | D:8      | Reached skill level 5 in Invocations
  8534 | D:8      | Reached *** piety under Okawaru
  8561 | D:8      | HP: 3/71 [basilisk (17)]
  8568 | D:8      | Reached skill level 5 in Dodging
  8919 | D:8      | Noticed a two-headed ogre
  8930 | D:8      | Killed a two-headed ogre
  8951 | D:8      | Noticed an eight-headed hydra
  9018 | D:8      | Killed an eight-headed hydra
  9018 | D:8      | Reached **** piety under Okawaru
  9018 | D:8      | Reached skill level 10 in Transmutations
 10286 | D:10     | Entered Level 10 of the Dungeon
 10352 | D:10     | Noticed a gargoyle
 10363 | D:10     | Killed a gargoyle
 10363 | D:10     | Reached XP level 11. HP: 59/77 MP: 13/19
 11001 | D:10     | Found a portal to a secret trove of treasure.
 11046 | D:10     | Reached ***** piety under Okawaru
 11139 | D:10     | Noticed Joseph
 11160 | D:10     | Killed Joseph
 11421 | D:10     | Noticed an orc knight
 11443 | D:10     | Killed an orc knight
 12105 | D:11     | Reached skill level 10 in Unarmed Combat
 12688 | D:11     | Found a staircase to the Lair.
 12982 | D:11     | Received a gift from Okawaru
 13381 | D:11     | Noticed a four-headed hydra
 13390 | D:11     | Killed a four-headed hydra
 13658 | D:12     | Reached skill level 11 in Transmutations
 13922 | D:12     | Found a flagged portal.
 13939 | D:12     | Slain by a manticore

Vault maps used:
D:1:      wander_arrival_peaceful_grave
D:2:      uniq_jessica
D:3:      portal_sewer_entry_f, first_ration, minmay_checkerbox, uniq_grinder
D:4:      ebering_ghost_sewer_d, nemelex_diamond_rough_becter,
          uniq_crazy_yiuf_cottage, uniq_blork_the_orc
D:5:      nicolae_temple_entry_ecumenical, minmay_mini_ossuary
D:6:      serial_shops, shop
D:7:      nicolae_overflow_crystal_walls, grunt_livestock
D:8:      minmay_ornate_pinched
D:9:      hangedman_misty_isle
D:10:     enter_trove_6, uniq_joseph
D:11:     grunt_lair_entry_orc_guard_hut
D:12:     minmay_general_purpose_star, zombieorc2_lemuel, enter_bailey_2
Temple:   roderic_octagonal_lattice_temple

Skill      XL: |  1  2  3  4  5  6  7  8  9 10 11 |
---------------+----------------------------------+-----
Unarmed Combat | 4 5 7 8 9 10 | 10.3
Transmutations | 3 5 8 9 10 11 | 11.0
Spellcasting   | 3 4 5 6 |  6.0
Dodging        | 2 4 6 7 |  7.3
Invocations    | 1 4 6 7 |  7.2
Fighting       | 3 |  3.4

Action                   |  1- 3 |  4- 6 |  7- 9 | 10-12 || total
-------------------------+-------+-------+-------+-------++-------
Melee: Unarmed           |   185 |   261 |   588 |   557 ||  1591
       Tailslap          |    15 |    20 |    78 |    71 ||   184
       Kick              |     6 |     4 |     3 |       ||    13
       Punch             |     1 |     8 |    11 |    20 ||    40
       Headbutt          |       |     8 |    10 |       ||    18
 Cast: Beastly Appendage |     3 |     4 |     3 |       ||    10
       Sticks to Snakes  |       |     2 |     6 |       ||     8
       Blade Hands       |       |       |     6 |    20 ||    26
Invok: Heroism           |       |       |       |     2 ||     2
       Finesse           |       |       |       |     1 ||     1
 Abil: Breathe Acid      |       |       |     4 |     8 ||    12
Evoke: Wand              |       |       |     1 |     4 ||     5
  Use: Potion            |     1 |     2 |       |     3 ||     6
       Scroll            |       |     8 |     3 |     4 ||    15
 Stab: Sleeping          |     3 |     2 |     1 |     3 ||     9
       Distracted        |       |       |     1 |       ||     1
       Invisible         |       |       |       |     1 ||     1
  Eat: Chunk             |    11 |    11 |    16 |    30 ||    68
Armor: Skin              |    41 |    53 |   130 |    97 ||   321
Dodge: Dodged            |   123 |   161 |   336 |   377 ||   997

Table legend:
 A = Non-vault XP
 B = Vault XP
 C = Vault XP percentage of total XP
 D = Non-vault monster count
 E = Vault monster count
 F = Vault count percentage of total count
                 A         B        C        D         E       F
            +---------+---------+-------+---------+---------+-------
      Total |   13378 |    5899 |  30.6 |     287 |      51 |  15.1
            +---------+---------+-------+---------+---------+-------
        D:1 |      46 |       0 |   0.0 |      26 |       0 |   0.0
        D:2 |      94 |      37 |  28.2 |      28 |       1 |   3.4
        D:3 |     168 |     288 |  63.2 |      34 |      11 |  24.4
        D:4 |     424 |     497 |  54.0 |      30 |       5 |  14.3
        D:5 |     390 |      22 |   5.3 |      15 |       5 |  25.0
        D:6 |    1052 |       0 |   0.0 |      21 |       0 |   0.0
        D:7 |    1605 |     975 |  37.8 |      40 |       5 |  11.1
        D:8 |    1870 |    2084 |  52.7 |      24 |      12 |  33.3
        D:9 |     355 |     895 |  71.6 |       8 |       6 |  42.9
       D:10 |    3113 |     455 |  12.8 |      27 |       1 |   3.6
       D:11 |    3496 |     646 |  15.6 |      29 |       5 |  14.7
       D:12 |     765 |       0 |   0.0 |       5 |       0 |   0.0
            +---------+---------+-------+---------+---------+-------
